 Dungeon Crawl Stone Soup version 0.19-a0-1861-g35def1e (webtiles) character file.

54254 vev the Basher (level 14, -1/121 HPs)
             Began as a Demigod Wizard on Oct 11, 2016.
             Slain by a soul eater (18 damage)
             ... summoned by a deep elf mage
             ... on level 14 of the Dungeon on Oct 12, 2016.
             The game lasted 02:08:24 (31499 turns).

vev the Basher (Demigod Wizard)                    Turns: 31499, Time: 02:08:25

Health: -1/121     AC:  3    Str: 10    XL:     14   Next: 1%
Magic:  21/32      EV: 14    Int: 30    God:
Gold:   1241       SH:  6    Dex: 19    Spells: 10 memorised, 6 levels left

rFire  . . .     SeeInvis .     a - +3 demon whip (drain)
rCold  + . .     Gourm    .     v - +2 ring mail {rC+}
rNeg   . . .     Faith    .     S - +0 buckler
rPois  +         Spirit   .     p - +0 helmet
rElec  .         Dismiss  .     D - +1 cloak
rCorr  .         Reflect  .     n - +2 pair of gloves
MR     +....     Harm     .     x - +0 pair of boots
Stlth  +++....... Clarity  +    H - amulet of magic regeneration
                                Y - ring of wizardry
                                q - +5 ring of dexterity

@: corroded
A: clarity, high mp 1, poison resistance
a: no special abilities


You were on level 14 of the Dungeon.
You were not hungry.

You visited 2 branches of the dungeon, and saw 21 of its levels.

You collected 1241 gold pieces.

Inventory:

Hand Weapons
 a - a +3 demon whip of draining (weapon)
Missiles
 z - 5 throwing nets (quivered)
Armour
 i - a +1 ring mail of poison resistance
 n - a +2 pair of gloves (worn)
 p - a +0 helmet (worn)
 v - a +2 ring mail of cold resistance (worn)
 x - a +0 pair of boots (worn)
 D - a +1 cloak (worn)
 S - a +0 buckler (worn)
Jewellery
 q - a +5 ring of dexterity (left hand)
 H - an amulet of magic regeneration (around neck)
 Q - an uncursed ring of protection from magic
 Y - a ring of wizardry (right hand)
Wands
 m - a wand of teleportation (5/9)
 s - a wand of digging (8/24)
 L - a wand of iceblast (3/15)
 P - a wand of hasting (1/9)
 T - a wand of heal wounds (4/9)
Scrolls
 b - 2 scrolls of random uselessness {unknown}
 c - 3 scrolls of immolation {unknown}
 e - 3 scrolls of recharging {unknown}
 h - 3 scrolls of enchant armour {unknown}
 k - 5 scrolls of teleportation
 l - 4 scrolls of magic mapping
 w - 20 scrolls of remove curse
 y - a scroll of summoning
 A - 2 scrolls of fear
 F - 3 scrolls of fog {unknown}
 Z - 2 scrolls of enchant weapon {unknown}
Potions
 g - 11 potions of curing
 j - 3 potions of magic
 r - a potion of haste
 t - a potion of berserk rage
 u - 4 potions of might
 B - 2 potions of agility
 E - 4 potions of resistance
 G - 3 potions of brilliance
 I - 5 potions of heal wounds
 J - 2 potions of flight
 V - a potion of ambrosia {unknown}
Books
 O - a book of Power

   Spells                             Type                      Level
   a - Fulminant Prism                Conjuration/Hexes            4
   b - Iskenderun's Mystic Blast      Conjuration                  4
   c - Venom Bolt                     Conjuration/Poison           5
   d - Bolt of Magma                  Conjuration/Fire/Earth       5
   e - Iron Shot                      Conjuration/Earth            6
   f - Orb of Destruction             Conjuration                  7
   g - Spellforged Servitor           Conjuration/Summoning        7
Miscellaneous
 K - a lamp of fire (inert)
 N - a phial of floods
 X - a sack of spiders
Comestibles
 d - 9 bread rations
 f - 2 meat rations
 C - 4 beef jerkies
 M - 28 fruits
 U - a royal jelly


   Skills:
 - Level 10.1 Fighting
   Level 3.6 Short Blades
 * Level 10.9 Maces & Flails
 + Level 3.0 Armour
 - Level 6.3 Dodging
 - Level 7.3 Stealth
 - Level 4.1 Shields
 - Level 10.1 Spellcasting
 - Level 6.8 Conjurations
   Level 0.8 Summonings
 - Level 2.2 Translocations
 - Level 7.2 Air Magic


You had 6 spell levels left.
You knew the following spells:

 Your Spells              Type           Power        Failure   Level  Hunger
a - Magic Dart            Conj           ####         1%          1    None
b - Blink                 Tloc           N/A          2%          2    None
c - Conjure Flame         Conj/Fire      #####...     4%          3    None
d - Lightning Bolt        Conj/Air       ######....   6%          5    ###....
e - Dazzling Spray        Conj/Hex       #####.       4%          3    None
f - Mephitic Cloud        Conj/Pois/Air  #####...     1%          3    None
g - Tukima's Dance        Hex            ###.....     10%         3    None
h - Swiftness             Chrm/Air       #####...     1%          2    None
m - Repel Missiles        Chrm/Air       #####.       1%          2    None
s - Static Discharge      Conj/Air       ######..     1%          3    None


Dungeon Overview and Level Annotations

Branches:
Dungeon (15/15)            Temple (0/1) D:4            Lair (6/6) D:10
 Shoals (0/4) Lair:2       Spider (0/4) Lair:4        Slime (0/5) Lair:5
    Orc (0/2) D:9          Vaults (0/5) D:13         Depths (0/5) D:15

Shops:
D:8 *

Annotations:
D:4 exclusion: oklob plant
D:11 2 runed doors
D:13 Kirke
Lair:6 Duskembrace's ghost, journeyman SpEn


Innate Abilities, Weirdness & Mutations

You have an increased reservoir of magic. (+10% MP)
You possess an exceptional clarity of mind.
Your system is resistant to poisons. (rPois)


Message History

The lightning arcs!
You are struck by lightning.
* * * LOW HITPOINT WARNING * * *
The lightning grounds out.
The rust devil hits you!
* * * LOW HITPOINT WARNING * * *
The rust devil corrodes you!
The deep elf mage hits you with a long sword.
* * * LOW HITPOINT WARNING * * *
Unknown command.
Casting: Static Discharge
Confirm with . or Enter, or press ? or * to list all spells.
The soul eater is struck by lightning.
The soul eater is moderately wounded.
The lightning arcs!
You are struck by lightning.
* * * LOW HITPOINT WARNING * * *
The lightning arcs!
The deep elf mage is struck by lightning.
The deep elf mage is almost dead.
The lightning grounds out.
The rust devil barely misses you. The soul eater hits you!!
You die...

,,,,,,,,**,.####.####,,*
+**,,,,,**,,#.......#,,*
,,*,,,,,**,,#...a...#,,*
,,*,,,,,**,,#..$$(..#..#
,,*,,,,,**,,#..$:$..#..#
,,*,,,,,**,,#..?$$..#..#
,,*,,,,,**,,#.......#..#
,,+,,,,,**,,#..3e4..#..#
,,*,,,,,**..####@####..#
***,,,,,*#.............#
,,,,,,,,*#............<#
,,,,,,,,*###############
,,,,,,,,******************
,,,,,,,,,,,,,,,,,,,,,,,,,*
,,,,,,,,,,,,,,*********,,*
,,,,,,,,,,,,,,* *,,*
>,,,,,,,,,,,,,* *,,*


You could see a soul eater, a rust devil, a deep elf mage and a worker ant.

Vanquished Creatures
  Rupert (D:13)
  Nessos (D:13)
  Josephine (D:13)
  A vault guard (D:13)
  6 hydras
  Harold (Lair:2)
  2 centaur warriors (D:13)
  An ogre mage (D:14)
  Sonja (D:13)
  The ghost of KarmaPolice the Slinger, a novice HaHu of Uskayaw (D:8)
  2 wizards (D:13)
  4 hill giants
  2 cyclopes
  2 manticores
  2 deep elf magi
  6 elephants
  3 ugly things
  Maurice (D:8)
  3 black mambas
  7 spiny frogs
  A gargoyle (D:10)
  Psyche (D:8)
  A freezing wraith (D:14)
  A tengu conjurer (D:10)
  4 komodo dragons
  5 rime drakes
  2 trolls
  A hornet (D:11)
  2 two-headed ogres
  8 hippogriffs
  A slime creature (Lair:5)
  11 blink frogs
  A shadow (D:13)
  6 wraiths
  5 basilisks
  A vampire (D:13)
  2 wyverns
  21 humans (D:13)
  2 hungry ghosts
  28 yaks
  A steam dragon (D:10)
  2 soldier ants
  12 porcupines
  9 orc warriors
  7 water moccasins
  2 black bears
  6 sky beasts
  4 ice beasts
  A necrophage (D:6)
  An eye of draining (D:13)
  An eye of draining (shapeshifter) (D:14)
  9 ogres
  4 boggarts
  15 wolves
  A phantom (D:8)
  14 centaurs
  6 crocodiles
  2 big kobolds (D:13)
  22 bullfrogs
  A wyvern zombie (D:11)
  A wyvern skeleton (D:12)
  4 scorpions
  4 wights
  2 electric eels (Lair:3)
  A vampire bat (D:3)
  2 crimson imps
  4 howler monkeys
  5 bullfrog zombies
  18 jellies
  13 orc priests
  8 hounds
  4 centaur zombies
  2 bullfrog skeletons
  5 centaur skeletons
  4 iguanas
  8 worker ants
  12 orc wizards
  3 hound skeletons
  A worker ant zombie (D:8)
  3 gnolls (D:6)
  A howler monkey skeleton (D:5)
  19 adders
  4 shadow imps
  17 oozes
  A worm (D:6)
  2 dart slugs
  3 fire bats (D:3)
  The ghost of Amnesiac the Sneak, a weakling DEAs (D:4)
  5 leopard geckos
  55 orcs
  2 spectral bats (D:3)
  A ball python (D:2)
  20 bats
  3 bat skeletons (D:3)
  A bat zombie (D:3)
  6 giant cockroaches
  A goblin (shapeshifter) (D:9)
  4 goblins
  15 hobgoblins
  16 jackals
  10 kobolds
  6 quokkas
  A bat simulacrum (D:3)
  4 frilled lizards
  A quokka zombie (D:9)
  7 rats
582 creatures vanquished.

Vanquished Creatures (others)
  An orc (D:10)
  19 fungi
  20 plants
  17 toadstools (D:4)
57 creatures vanquished.

Grand Total: 639 creatures vanquished

Notes
Turn   | Place    | Note
-------+----------+-------------------------------------------
     0 | D:1      | vev the Demigod Wizard began the quest for the Orb.
     0 | D:1      | Reached XP level 1. HP: 14/14 MP: 6/6
    13 | D:1      | Reached skill level 1 in Conjurations
   296 | D:1      | Reached skill level 2 in Stealth
   556 | D:1      | Reached XP level 2. HP: 20/20 MP: 4/8
   579 | D:1      | Learned a level 2 spell: Blink
  1179 | D:1      | Reached skill level 2 in Conjurations
  1761 | D:2      | Reached XP level 3. HP: 26/26 MP: 8/10
  1789 | D:2      | Reached skill level 3 in Spellcasting
  2023 | D:2      | Found a shimmering altar of Xom.
  2728 | D:2      | Reached XP level 4. HP: 33/33 MP: 8/11
  3092 | D:3      | Found a white marble altar of Elyvilon.
  3093 | D:3      | Found a hide-covered altar of Uskayaw.
  3125 | D:3      | Upgraded the game from 0.19-a0-1855-gb7442ac to 0.19-a0-1861-g35def1e
  3377 | D:3      | Found a bloodstained altar of Trog.
  3377 | D:3      | Found a basalt altar of Yredelemnul.
  3470 | D:3      | Learned a level 3 spell: Conjure Flame
  3474 | D:3      | Learned a level 3 spell: Mephitic Cloud
  3711 | D:3      | Reached skill level 3 in Conjurations
  3956 | D:4      | Reached XP level 5. HP: 38/38 MP: 10/13
  3965 | D:4      | Noticed an ogre
  3979 | D:4      | Reached skill level 3 in Stealth
  4079 | D:4      | Killed an ogre
  4079 | D:4      | Reached skill level 4 in Conjurations
  4185 | D:4      | Learned a level 2 spell: Repel Missiles
  4281 | D:4      | Found a staircase to the Ecumenical Temple.
  4321 | D:4      | Reached XP level 6. HP: 31/45 MP: 3/14
  4702 | D:4      | Noticed Amnesiac's ghost (weakling DEAs)
  4754 | D:4      | Killed Amnesiac's ghost
  5136 | D:4      | Found a blossoming altar of Fedhas.
  5158 | D:4      | Noticed an oklob plant
  5253 | D:4      | Reached skill level 4 in Spellcasting
  5253 | D:4      | Reached skill level 1 in Translocations
  5804 | D:3      | Reached skill level 1 in Fighting
  6110 | D:3      | Reached skill level 4 in Stealth
  6296 | D:5      | Entered Level 5 of the Dungeon
  6754 | D:5      | Reached XP level 7. HP: 52/52 MP: 12/16
  6934 | D:5      | Found an iron altar of Okawaru.
  7353 | D:6      | Reached skill level 2 in Translocations
  7467 | D:6      | Reached skill level 2 in Fighting
  7581 | D:6      | Found a hazy altar of Hepliaklqana.
  7602 | D:6      | Reached skill level 2 in Dodging
  8304 | D:6      | Reached skill level 5 in Stealth
  8309 | D:6      | Reached skill level 5 in Spellcasting
  8457 | D:6      | Found a shadowy altar of Dithmenos.
  8547 | D:6      | Reached XP level 8. HP: 62/62 MP: 16/19
  8554 | D:6      | Reached skill level 3 in Fighting
  8978 | D:6      | Reached skill level 3 in Dodging
 10056 | D:7      | Noticed a hill giant
 10073 | D:7      | Killed a hill giant
 10073 | D:7      | Reached skill level 4 in Fighting
 10073 | D:7      | Reached skill level 4 in Dodging
 10073 | D:7      | Reached skill level 6 in Stealth
 10265 | D:7      | Reached XP level 9. HP: 70/72 MP: 13/21
 10371 | D:7      | Reached skill level 6 in Spellcasting
 10865 | D:7      | Found a sacrificial altar of Ru.
 10865 | D:7      | Found a burning altar of Makhleb.
 10865 | D:7      | Found a deep blue altar of Sif Muna.
 11396 | D:8      | Noticed KarmaPolice's ghost (novice HaHu)
 11425 | D:8      | Noticed Psyche
 11437 | D:8      | Killed KarmaPolice's ghost
 11437 | D:8      | Reached skill level 5 in Fighting
 11437 | D:8      | Reached skill level 5 in Dodging
 11437 | D:8      | Reached skill level 7 in Stealth
 11495 | D:8      | Killed Psyche
 11868 | D:8      | Reached skill level 1 in Short Blades
 12009 | D:8      | Found Zin's Purification Station.
 12012 | D:8      | Found a glowing silver altar of Zin.
 12438 | D:8      | Reached skill level 2 in Short Blades
 13062 | D:8      | Noticed Maurice
 13090 | D:8      | Killed Maurice
 13090 | D:8      | Reached skill level 6 in Fighting
 13090 | D:8      | Reached skill level 7 in Spellcasting
 13090 | D:8      | Reached XP level 10. HP: 83/83 MP: 17/24
 13413 | D:9      | Reached skill level 3 in Short Blades
 13435 | D:9      | Reached skill level 6 in Dodging
 13538 | D:9      | Found a glowing golden altar of the Shining One.
 14055 | D:9      | Found a staircase to the Orcish Mines.
 14121 | D:9      | Reached skill level 1 in Armour
 14458 | D:10     | Entered Level 10 of the Dungeon
 14497 | D:10     | Reached skill level 2 in Armour
 14763 | D:10     | Found a staircase to the Lair.
 14782 | D:10     | Reached skill level 1 in Shields
 14872 | D:9      | Reached skill level 2 in Shields
 15313 | D:9      | Reached skill level 3 in Shields
 15538 | D:10     | Reached skill level 4 in Shields
 15693 | D:10     | Learned a level 2 spell: Swiftness
 15697 | D:10     | Learned a level 3 spell: Static Discharge
 15703 | D:10     | Learned a level 5 spell: Lightning Bolt
 15922 | D:10     | Reached skill level 1 in Air Magic
 15940 | D:10     | Reached skill level 2 in Air Magic
 16103 | D:10     | Noticed a hill giant
 16142 | D:10     | Killed a hill giant
 16142 | D:10     | Reached skill level 5 in Conjurations
 16142 | D:10     | Reached skill level 3 in Air Magic
 16142 | D:10     | Reached XP level 11. HP: 19/91 MP: 14/26
 16469 | D:10     | Noticed a hill giant
 16475 | D:10     | Killed a hill giant
 16737 | Lair:1   | Entered Level 1 of the Lair of Beasts
 16751 | Lair:1   | Noticed a six-headed hydra
 16761 | Lair:1   | Killed a six-headed hydra
 16761 | Lair:1   | Reached skill level 4 in Air Magic
 17042 | Lair:1   | Reached skill level 5 in Air Magic
 17263 | Lair:1   | Noticed a four-headed hydra
 17271 | Lair:1   | Killed a four-headed hydra
 17271 | Lair:1   | Reached skill level 6 in Conjurations
 17510 | Lair:1   | Reached skill level 6 in Air Magic
 18905 | Lair:2   | Noticed Harold
 18922 | Lair:2   | Killed Harold
 18922 | Lair:2   | Reached skill level 7 in Air Magic
 19578 | Lair:1   | HP: 6/91 [spiny frog (10)]
 19956 | Lair:1   | Reached skill level 8 in Spellcasting
 20857 | Lair:2   | Reached XP level 12. HP: 97/97 MP: 24/29
 20977 | Lair:2   | Reached skill level 9 in Spellcasting
 20995 | Lair:2   | Noticed a seven-headed hydra
 21004 | Lair:2   | Killed a seven-headed hydra
 21249 | Lair:2   | Found a staircase to the Shoals.
 22111 | Lair:2   | Reached skill level 10 in Spellcasting
 22188 | Lair:3   | Reached skill level 1 in Maces & Flails
 22362 | Lair:3   | Reached skill level 2 in Maces & Flails
 22563 | Lair:3   | Learned a level 3 spell: Dazzling Spray
 22567 | Lair:3   | Learned a level 3 spell: Tukima's Dance
 22731 | Lair:3   | Reached skill level 3 in Maces & Flails
 22901 | Lair:3   | Reached skill level 7 in Fighting
 22973 | Lair:3   | Reached skill level 4 in Maces & Flails
 23698 | Lair:3   | Noticed a five-headed hydra
 23706 | Lair:3   | Killed a five-headed hydra
 23896 | Lair:4   | Reached skill level 5 in Maces & Flails
 24221 | Lair:4   | Found a hole to the Spider Nest.
 24599 | Lair:5   | Found a sacrificial altar of Ru.
 24744 | Lair:5   | Found a staircase to the Slime Pits.
 25028 | Lair:5   | Reached skill level 6 in Maces & Flails
 25038 | Lair:5   | Noticed a six-headed hydra
 25047 | Lair:5   | Killed a six-headed hydra
 25737 | Lair:5   | Reached skill level 8 in Fighting
 26094 | Lair:5   | Reached XP level 13. HP: 103/107 MP: 16/31
 26257 | Lair:6   | Entered Level 6 of the Lair of Beasts
 26257 | Lair:6   | Noticed Duskembrace's ghost (journeyman SpEn)
 26586 | D:10     | Reached skill level 7 in Maces & Flails
 26841 | D:11     | Found a large runed door.
 26842 | D:11     | Found a large runed door.
 27011 | D:11     | Got a jewelled leather armour
 27022 | D:11     | Identified the +1 leather armour of Greed {rC- rN+ Int+4 Dex+5} (You found it on level 11 of the Dungeon)
 27059 | D:11     | Found a large runed door.
 27059 | D:11     | Found a large runed door.
 27262 | D:11     | Got a pair of warped gloves
 27268 | D:11     | Identified the +0 pair of gloves of Ruuntaochu {rC- Str+3 Int+2} (You found it on level 11 of the Dungeon)
 27787 | D:11     | Reached skill level 8 in Maces & Flails
 28033 | D:12     | Gained mutation: You possess an exceptional clarity of mind. [mutagenic meat]
 28036 | D:12     | Gained mutation: Your system is resistant to poisons. (rPois) [mutagenic meat]
 28553 | D:12     | Found a hazy altar of Hepliaklqana.
 28913 | D:13     | Noticed Rupert
 28927 | D:13     | You fall through a shaft for 2 floors!
 28927 | D:15     | Entered Level 15 of the Dungeon
 29119 | D:14     | Reached skill level 9 in Fighting
 29394 | D:14     | Reached skill level 9 in Maces & Flails
 29560 | D:13     | Noticed Josephine
 29983 | D:13     | Killed Josephine
 30035 | D:13     | Noticed Sonja
 30048 | D:13     | Killed Sonja
 30069 | D:13     | Killed Rupert
 30524 | D:13     | Reached skill level 10 in Maces & Flails
 30763 | D:13     | Found a gate to the Vaults.
 31024 | D:13     | Noticed Nessos
 31041 | D:13     | Killed Nessos
 31041 | D:13     | Reached skill level 10 in Fighting
 31389 | D:13     | Noticed Kirke
 31485 | D:14     | Reached skill level 3 in Armour
 31485 | D:14     | Reached XP level 14. HP: 54/121 MP: 26/32
 31499 | D:14     | Slain by a soul eater

Vault maps used:
D:1:      eino_arrival_water_star, hangedman_decor_points,
          corexii_hall_statues_l
D:2:      nicolae_overflow_crystal_walls, first_bread
D:3:      nicolae_overflow_hidden_temple, goddamned_bats
D:4:      tgw_fedhas
D:5:      okawaru_gym_becter, serial_curves, eino_curves_04, eino_curves_02,
          eino_curves_03, eino_curves_01
D:6:      grunt_dithmenos_shadows, basic_altar, grunt_ministairs_4
D:7:      minitemple
D:8:      zin_purify, uniq_maurice, uniq_psyche
D:9:      kennysheep_mini, hiddenorc1_lemuel
D:10:     lair_0_dummy, grunt_tengu_nest
D:11:     minmay_hollow_rounded_squares
D:12:     basic_altar
D:13:     grunt_vaults_entry_tiered, uniq_sonja, uniq_josephine, uniq_nessos,
          uniq_kirke, uniq_rupert
D:14:     cheibrodos_elevator_heist, minmay_misc_feat_diagonals
D:15:     grunt_enter_depths_snipers, nrook_pool_corridor
Lair:2:   minmay_shoals_entry_beasts, grunt_megastairs_1, uniq_harold
Lair:3:   minmay_lair_venomous_thicket, grunt_megastairs_3, serial_bayou_shore_a
Lair:4:   dummy_spider_entry, grunt_megastairs_5
Lair:5:   lemuel_slime, minmay_slime_entry_pillars, basic_altar,
          beast_lair_carwin_3
Lair:6:   gammafunk_lair_ancient_temple

Skill      XL: |  1  2  3  4  5  6  7  8  9 10 11 12 13 |
---------------+----------------------------------------+-----
Conjurations   | 1 2 3 4 5 6 |  6.8
Stealth        | 2 3 4 5 6 7 |  7.3
Spellcasting   | 3 4 5 7 8 10 | 10.1
Translocations | 1 2 |  2.2
Fighting       | 1 2 4 6 8 10 | 10.1
Dodging        | 2 4 5 6 |  6.3
Short Blades   | 2 3 |  3.6
Armour         | 2 3 |  3.0
Shields        | 4 |  4.1
Air Magic      | 3 7 |  7.2
Maces & Flails | 6 10 | 10.9
Summonings     | |  0.8

Action                   |  1- 3 |  4- 6 |  7- 9 | 10-12 | 13-15 || total
-------------------------+-------+-------+-------+-------+-------++-------
Melee: Unarmed           |     4 |       |       |       |       ||     4
       Long sword        |       |    10 |       |       |       ||    10
       Trident           |       |   132 |    61 |    21 |       ||   214
       Whip              |       |     8 |    11 |       |       ||    19
       Short sword       |       |       |   175 |       |       ||   175
       Dagger            |       |       |   104 |   357 |       ||   461
       Demon whip        |       |       |       |   166 |   574 ||   740
 Cast: Magic Dart        |   123 |   122 |   277 |   236 |    41 ||   799
       Blink             |     1 |     1 |    12 |    16 |     2 ||    32
       Mephitic Cloud    |       |    16 |    31 |    47 |    24 ||   118
       Conjure Flame     |       |    11 |    13 |    25 |     9 ||    58
       Repel Missiles    |       |     1 |     2 |     1 |       ||     4
       Static Discharge  |       |       |       |   100 |    35 ||   135
       Lightning Bolt    |       |       |       |    58 |    15 ||    73
       Dazzling Spray    |       |       |       |       |    10 ||    10
Evoke: Wand              |       |       |       |     5 |     5 ||    10
       Lamp of fire      |       |       |       |     1 |     1 ||     2
       Phial of floods   |       |       |       |     1 |       ||     1
  Use: Scroll            |       |     7 |     3 |     2 |    16 ||    28
       Potion            |       |       |     1 |     3 |     2 ||     6
 Stab: Confused          |       |     2 |    15 |    31 |    27 ||    75
       Sleeping          |       |     5 |     5 |    18 |    10 ||    38
       Paralysed         |       |       |     1 |     1 |       ||     2
       Petrified         |       |       |       |     2 |       ||     2
       Petrifying        |       |       |       |     2 |       ||     2
       Distracted        |       |       |       |     2 |     1 ||     3
       Invisible         |       |       |       |       |     3 ||     3
  Eat: Chunk             |     5 |    15 |    19 |    38 |    10 ||    87
       Pizza             |       |       |     1 |       |       ||     1
       Beef jerky        |       |       |       |     2 |       ||     2
       Meat ration       |       |       |       |     1 |     2 ||     3
       Royal jelly       |       |       |       |     1 |     1 ||     2
Armor: Robe              |     9 |    82 |    96 |    49 |       ||   236
       Steam dragon scal |       |       |       |    83 |       ||    83
       Ring mail         |       |       |       |    72 |   163 ||   235
       Troll leather arm |       |       |       |     2 |       ||     2
Dodge: Dodged            |    36 |   116 |   224 |   449 |   248 ||  1073
       Deflected         |       |     1 |     8 |     4 |     8 ||    21
Block: Buckler           |       |       |       |   128 |   109 ||   237
       Rpst.: Long sword |       |     7 |       |       |       ||     7
